 Dungeon Crawl Stone Soup version 0.22.0-27-ga576289 (webtiles) character file.

277 Lew the Covered (level 6, -3/39 HPs)
             Began as a Gargoyle Fighter on Aug 21, 2018.
             Slain by a gnoll
             ... wielding a +0 halberd
              (10 damage)
             ... on level 5 of the Dungeon.
             The game lasted 00:03:10 (2043 turns).

Lew the Covered (Gargoyle Fighter)                  Turns: 2043, Time: 00:03:11

Health: -3/39      AC: 14    Str: 26    XL:     6   Next: 25%
Magic:  6/6        EV:  7    Int:  9    God:
Gold:   122        SH: 10    Dex:  9    Spells: 5/5 levels left

rFire    . . .     SeeInvis .   k - +0 whip (venom)
rCold    . . .     Gourm    .   c - +0 shield
rNeg     + . .     Faith    .   b - +0 scale mail
rPois    ∞         Spirit   .   (no helmet)
rElec    +         Reflect  .   (no cloak)
rCorr    .         Harm     .   (no gloves)
MR       .....                  r - +2 pair of boots
Stlth    +.........             (no amulet)
HPRegen  0.13/turn              (no ring)
MPRegen  0.10/turn              (no ring)

@: mighty
A: negative energy resistance 1, electricity resistance, unbreathing,
petrification resistance, rot immunity, AC +4
a: no special abilities


You were on level 5 of the Dungeon.
You were very hungry.

You visited 1 branch of the dungeon, and saw 4 of its levels.

You collected 122 gold pieces.

Inventory:

Hand Weapons
 a - a +0 flail
 k - a +0 whip of venom (weapon)
Armour
 b - a +0 scale mail (worn)
 c - a +0 shield (worn)
 r - a +2 pair of boots (worn)
Jewellery
 o - a +4 ring of strength {unknown}
Scrolls
 g - 2 scrolls of remove curse {unknown}
 i - 2 scrolls of teleportation {unknown}
 j - a scroll of blinking {unknown}
 l - 2 scrolls of enchant weapon {unknown}
 m - a scroll of enchant armour {unknown}
 s - a scroll of identify {unknown}
Potions
 d - a potion of might
 e - a potion of magic {unknown}
 h - a potion of heal wounds {unknown}
 n - a potion of brilliance {unknown}
 p - 2 potions of lignification {unknown}
 q - a potion of agility {unknown}
Comestibles
 f - 4 rations


   Skills:
 + Level 4.3 Fighting
 + Level 3.2 Maces & Flails
 + Level 4.5 Armour
 + Level 2.9 Stealth
 + Level 4.4 Shields


You had 5 spell levels left.
You didn't know any spells.
Your spell library was empty.

Dungeon Overview and Level Annotations

Branches:
Dungeon (3/15)

Altars:
Elyvilon
Ru


Innate Abilities, Weirdness & Mutations

You are resistant to torment.
Your stone body is resilient. (AC +4)
You are immune to poison.
You resist negative energy. (rN+)
You are resistant to electric shocks. (rElec)
You can survive without breathing.
You are immune to petrification.
You are immune to rotting.


Message History

Menkaure is lightly damaged.
You block the gnoll's attack.
Menkaure gestures at you while chanting.
Pain shoots through your body!
* * * LOW HITPOINT WARNING * * *
You hit Menkaure.
Menkaure is heavily damaged.
You block the gnoll's attack. Menkaure hits you but does no damage.
You whack Menkaure!
Menkaure is almost destroyed.
You block the gnoll's attack. The gnoll hits you but does no damage.
You whack Menkaure!
You destroy Menkaure!
You have reached level 6!
Your experience leads to an increase in your attributes!
Your base attributes are Str 20, Int 9, Dex 9.
Increase (S)trength, (I)ntelligence, or (D)exterity?
You feel stronger.
The gnoll hits you from afar with a halberd!
You die...

........# ..
#.......#
.)##.......#
...........+
...........#
...........#
..##.......#
..##.......#
.......@...#
........g..#
......gg....(..
.......[.......
..####Y######..
.. .. .. .. ...


You could see a sky beast and 3 gnolls.

Vanquished Creatures
  Menkaure (D:5)
  An orc wizard (D:3)
  7 adders
  A worm (D:2)
  2 leopard geckos (D:2)
  7 orcs (D:3)
  2 giant cockroaches
  4 goblins
  5 hobgoblins
  8 jackals (D:2)
  9 kobolds
  3 quokkas
  9 bats
  3 frilled lizards
  4 rats
66 creatures vanquished.

Notes
Turn   | Place    | Note
-------+----------+-------------------------------------------
     0 | D:1      | Lew the Gargoyle Fighter began the quest for the Orb.
     0 | D:1      | Reached XP level 1. HP: 14/14 MP: 1/1
   666 | D:2      | Reached XP level 2. HP: 19/19 MP: 2/2
   695 | D:2      | Reached skill level 1 in Stealth
   704 | D:2      | Reached XP level 3. HP: 17/23 MP: 3/3
   826 | D:2      | Reached XP level 4. HP: 12/29 MP: 4/4
  1343 | D:2      | Found a sacrificial altar of Ru.
  1501 | D:3      | Found a white marble altar of Elyvilon.
  1662 | D:3      | Reached XP level 5. HP: 33/33 MP: 5/5
  2031 | D:3      | You fall through a shaft for 2 floors!
  2031 | D:5      | Entered Level 5 of the Dungeon
  2031 | D:5      | Noticed Menkaure
  2038 | D:5      | Noticed a sky beast
  2043 | D:5      | Killed Menkaure
  2043 | D:5      | Reached XP level 6. HP: 7/39 MP: 6/6
  2043 | D:5      | Slain by a gnoll

Skill      XL: |  1  2  3  4  5 |
---------------+----------------+-----
Stealth        | 1 2 |  2.9
Shields        | 4 |  4.4
Armour         | 4 |  4.5
Fighting       | 4 |  4.3
Maces & Flails | 3 |  3.2

Action                   |  1- 3 |  4- 6 || total
-------------------------+-------+-------++-------
Melee: Flail             |   104 |    44 ||   148
       Whip              |       |    84 ||    84
  Use: Potion            |       |     1 ||     1
  Eat: Chunk             |       |     3 ||     3
Armor: Scale mail        |    86 |    73 ||   159
Dodge: Dodged            |    58 |    34 ||    92
Block: Shield            |    83 |    63 ||   146
